[Event "Late-Titled-Tuesday-Blitz-March-19-2024"]
[Site "Chess.com"]
[Date "2024.03.19"]
[Round "10"]
[White "AlexTruskavetsky"]
[Black "ChessBrainiacOnTwitch"]
[Result "1-0"]
[WhiteElo "2675"]
[BlackElo "2806"]
[TimeControl "180+1"]
[EndTime "15:56:03 PDT"]
[Termination "AlexTruskavetsky won by checkmate"]

1. d4 Nf6 2. c4 g6 3. Nc3 Bg7 4. e4 d6 5. f4 O-O 6. Nf3 c5 7. d5 e6 8. Bd3 exd5 9. cxd5 Nbd7 10.
O-O Re8 11. Re1 Qc7 12. Nd2 a6 13. a4 Rb8 14. a5 b5 15. axb6 Nxb6 16. Bf1 c4 17. h3 Nh5 18. Nf3 Ng3 19. Be3 Nxf1 20. Kxf1 Nd7 21. Bd4 Bh6 22. Qd2 Nc5 23. Bxc5 Qxc5 24.
e5 Bf5 25. g4 Bd3+ 26. Kg2 dxe5 27. g5 e4 28. gxh6 exf3+ 29. Kxf3 Qd4 30. Rxe8+ Rxe8 31. Re1 Rb8 32. Qe3 Qxe3+ 33. Rxe3 Kf8 34. d6 Rd8 35. Nd5 Rxd6 36. Nc7 Rd8 37. Re5 Bf5 38. Nxa6 f6 39. Rc5 Rd3+ 40. Ke2 Rxh3 41. Rc6 Bd3+ 42. Kd2 g5 43.
Rxf6+ Ke7 44. fxg5 Rh2+ 45. Kc3 Rc2+ 46. Kd4 Rxb2 47.
Nc5 Be2 48. Re6+ Kf7 49. Rf6+ Ke7 50. g6 hxg6 51. h7 Rb8 52. Re6+ Kf7 53. Rxe2 Rh8 54. Rf2+ Kg7 55. Ne6+ Kxh7 56. Ke5 Rc8 57. Kf6 Kg8 58. Rg2 c3 59. Rxg6+ Kh7 60. Rg7+ Kh8 61. Rg1 c2 62. Rc1 Kg8 63. Nd4 Rc4 64. Nxc2 Kf8 65. Ke5 Ke7 66. Kd5 Rc3 67. Re1+ Kd7 68. Nd4 Rh3 69. Rf1 Rh5+ 70. Nf5 Rg5 71. Ke5 Rh5 72. Rd1+ Kc7 73. Rc1+ Kd7 74.
Kf6 Rh2 75. Rd1+ Kc6 76. Nd4+ Kc7 77. Ke5 Rh5+ 78. Nf5 Rg5 79. Rc1+ Kd7 80. Kf6 Rg2 81. Ne3 Rf2+ 82. Ke5 Re2 83. Ke4 Rh2 84. Nc4 Ke6 85. Ne3 Rh4+ 86. Kd3 Kd6 87. Nf5+ Ke5 88. Nxh4 Kf4 89.
Ng2+ Ke5 90. Ke3 Kd5 91. Nf4+ Ke5 92. Rc5+ Kd6 93. Kd4 Ke7 94. Ke5 Kd7 95. Ne6 Ke7 96. Rc7+ Ke8 97. Nd4 Kd8 98. Kd6 Ke8 99. Rd7 Kf8 100.
Ke6 Ke8 101. Nf5 Kf8 102. Rd8# 1-0

[Event "Late-Titled-Tuesday-Blitz-March-19-2024"]
[Site "Chess.com"]
[Date "2024.03.19"]
[Round "10"]
[White "mitrabhaa"]
[Black "Polish_fighter3000"]
[Result "0-1"]
[WhiteElo "3068"]
[BlackElo "3147"]
[TimeControl "180+1"]
[EndTime "15:56:56 PDT"]
[Termination "Polish_fighter3000 won by resignation"]

1. Nf3 Nf6 2. c4 e6 3. Nc3 d5 4. e3 a6 5. b3 c5 6. cxd5 exd5 7. d4 Nc6 8. Bb2 Bd6 9. dxc5 Bxc5 10. Be2 O-O 11. O-O Re8 12. Rc1 Ba7 13. h3 Qd6 14.
Na4 Ne4 15. Bd3 Qg6 16. Kh1 Qh6 17. Bxe4 dxe4 18. Nh2 Bb8 19. Ng4 Qe6 20. Nb6 Ra7 21. f4 exf3 22. Qxf3 Bc7 23. Nd5 Bd8 24. Nf4 Qf5 25.
Rfd1 h5 26. Nf2 Bf6 27. Rd5 Be5 28. Rcc5 Ra8 29. e4 Qxf4 30. Bxe5 Qxf3 31. gxf3 Be6 32.
Rd2 Bxh3 33. Bxg7 Kxg7 34. Nxh3 Re5 35. Rcd5 Rae8 36. Kg2 Rxd5 37. Rxd5 Ne5 38. Nf4 h4 39. Nh3 Kf6 40. f4 Nc6 41. Kf3 Rg8 42. Ng5 Ke7 43. Rd1 f6 44. Nh7 Rg7 45. Nxf6 Rg3+ 46. Kf2 Kxf6 47. Rd6+ Ke7 48. Rh6 Rg4 49. Kf3 Rg3+ 50. Kf2 Rh3 51. Rh7+ Kd6 52. Rxb7 Nd4 53. Rb6+ Kc5 54.
Rxa6 Rh2+ 55. Ke3 Rh3+ 56. Kf2 Rf3+ 57. Kg2 Rxf4 58. e5 Nf5 59. e6 Kd5 60. a4 Rg4+ 61. Kh3 Rg3+ 62. Kh2 Re3 63. Rb6 Ke4 64. e7 Kf3 65.
Rf6 Kg4 66. Rg6+ Kf4 67. Rf6 Re2+ 68. Kh3 Rxe7 69. a5 Re3+ 70. Kh2 Rxb3 71. a6 Rb2+ 72. Kh3 Rb3+ 73. Kh2 Ra3 74. Rb6 Nd4 75. Rb4 Ke4 76. Rb6 Nf5 77. Rb4+ Ke5 78. Rb5+ Kf6 79. Rb6+ Kg5 80. Rc6 Ra2+ 81. Kh3 Ra1 82. Kh2 Ra3 83. Rb6 Kg4 84. Rb4+ Kf3 85. Rb5 Ne3 86. Rb6 Kg4 87.
Rb4+ Kg5 88. Rb5+ Kg6 89. Rb6+ Kf5 90. Rb5+ Kf4 91. Rb4+ Kg5 92. Rb5+ Nf5 93. Rb6 Ra5 94. Rc6 Ra4 95. Rb6 Kg4 96. Rg6+ Kf4 97. Rb6 Nd4 98.
Kh3 Nf3 99. Rf6+ Ke3 100. Re6+ Kf2 101. Rb6 Ng5+ 102. Kh2 Kf3 103. Rb3+ Kg4 104. Rb6 Ra2+ 105. Kh1 h3 106. Rb4+ Kg3 107. Rb6 Ra1+ 0-1

[Event "Late-Titled-Tuesday-Blitz-March-19-2024"]
[Site "Chess.com"]
[Date "2024.03.19"]
[Round "10"]
[White "Narek_Ghimoyan"]
[Black "karinachess1"]
[Result "1/2-1/2"]
[WhiteElo "2480"]
[BlackElo "2624"]
[TimeControl "180+1"]
[EndTime "15:57:17 PDT"]
[Termination "Game drawn - insufficient material"]

1. d4 Nf6 2. c4 e6 3. Nf3 d5 4. Nc3 Bb4 5. Bg5 h6 6. Bxf6 Qxf6 7. e3 O-O 8. Rc1 dxc4 9. Bxc4 c5 10. O-O cxd4 11.
Ne4 Qe7 12. a3 Ba5 13. exd4 Nc6 14. Qe2 Bb6 15. Rfd1 Rd8 16. Qe3 Bd7 17. Nc5 Nxd4 18. Nxd7 Nxf3+ 19. Qxf3 Rxd7 20. Bb5 Rd4 21. Rxd4 Bxd4 22.
Rd1 e5 23. Qe2 Qf6 24. Bd3 g6 25. g3 Re8 26. Be4 Re7 27. Kg2 Kg7 28. b3 Qb6 29.
Bd5 Rd7 30. Bc4 Rd6 31. f3 Qc7 32. Qe4 Qc6 33. Qxc6 Rxc6 34. a4 a6 35. f4 f6 36.
fxe5 fxe5 37. Re1 Rc7 38. Rf1 Re7 39. Kf3 h5 40. Ke4 Rc7 41. Rf3 Re7 42. h3 Rc7 43. g4 hxg4 44. hxg4 Kh6 45. Rf6 Kg5 46. Rf7 Rc6 47. Rxb7 Kxg4 48. Rg7 g5 49. Kd5 Rf6 50.
Ke4 Kh4 51. Rh7+ Kg3 52. Rg7 g4 53. Be2 Rf4+ 54. Kd5 Kh3 55. Bxa6 g3 56. Be2 g2 57.
Bd3 g1=Q 58. Rxg1 Bxg1 59. Kxe5 Rb4 60. Bc4 Kg4 61. Kd5 Kf5 62. a5 Kf6 63. Kc6 Ke7 64. Kc7 Bf2 65. a6 Ba7 66. Kc6 Kd8 67. Kd6 Kc8 68.
Kc6 Kb8 69. Kd6 Rb6+ 70. Kd5 Rh6 71. b4 Bb6 72. b5 Ka7 73. Bd3 Rh4 74. Be2 Rd4+ 75.
Ke5 Rd2 76. Bf3 Bc5 77. Bc6 Kb6 78. Ke4 Rd8 79. Ke5 Bb4 80. Ke6 Bc5 81. Ke5 Kc7 82. Ke6 Rh8 83. Ke5 Rh5+ 84. Ke6 Rh6+ 85. Kd5 Bg1 86.
Kc4 Kd6 87. Kd3 Bb6 88. Ke4 Rh4+ 89. Kf5 Rd4 90. Kf6 Rd1 91. Kf5 Rf1+ 92. Ke4 Kc5 93.
Ke5 Bc7+ 94. Ke6 Re1+ 95. Kd7 Kb6 96. Kc8 Re7 97. Bd7 Bd6 98. Bc6 Rc7+ 99. Kd8 Ra7 100. Ke8 Bc5 101. Kd8 Ba3 102. Bb7 Kxb5 103. Kd7 Bc5 104. Ke6 Kb6 105. Kd5 Bb4 106. Kc4 Ba5 107. Kd5 Be1 108. Kc4 Bf2 109. Kd5 Kc7 110. Kc4 Kb8 111. Kd5 Bg1 112.
Kc4 Bb6 113. Kd5 Ba5 114. Kc6 Bb4 115. Kb5 Bd2 116. Kc6 Be3 117. Kb5 Bg1 118. Kc6 Rxb7 119. axb7 Bf2 120. Kd7 Kxb7 1/2-1/2

[Event "Late-Titled-Tuesday-Blitz-March-19-2024"]
[Site "Chess.com"]
[Date "2024.03.19"]
[Round "11"]
[White "Sacbutt"]
[Black "Cambek64"]
[Result "0-1"]
[WhiteElo "2309"]
[BlackElo "2466"]
[TimeControl "180+1"]
[EndTime "16:00:02 PDT"]
[Termination "Cambek64 won by resignation"]

1. d4 Nf6 2. Nf3 g6 3. g3 Bg7 4.
Bg2 O-O 5. O-O d5 6. Bf4 c5 7.
c3 Qb6 8. Qc1 Nc6 9. dxc5 Qxc5 10.
Nbd2 Bf5 11. Nb3 Qb6 12. Nbd4 Be4 13. h3 Rac8 14. Qd2 Rfd8 15. Rfd1 Nxd4 16. Nxd4 Bxg2 17.
Kxg2 Ne4 0-1

[Event "Late-Titled-Tuesday-Blitz-March-19-2024"]
[Site "Chess.com"]
[Date "2024.03.19"]
[Round "11"]
[White "AlexTruskavetsky"]
[Black "Marcan2b"]
[Result "1-0"]
[WhiteElo "2688"]
[BlackElo "2915"]
[TimeControl "180+1"]
[EndTime "16:00:15 PDT"]
[Termination "AlexTruskavetsky won by resignation"]

1. d4 Nf6 2. c4 g6 3. Nc3 Bg7 4. e4 d6 5. f4 O-O 6. Nf3 c5 7. d5 e6 8. Bd3 exd5 9. cxd5 b5 10. e5 Nfd7 11. Bxb5 dxe5 12. fxe5 Nxe5 13. O-O Bg4 14.
Be2 Bxf3 15. Bxf3 Nbd7 16. Bf4 Rb8 17. Rb1 Rb4 18. Bg3 Re8 19. d6 Rd4 20. Qb3 c4 21. Qa3 Bf8 22. Bd5 Nf6 23. Qxa7 1-0

[Event "Late-Titled-Tuesday-Blitz-March-19-2024"]
[Site "Chess.com"]
[Date "2024.03.19"]
[Round "11"]
[White "ckgchess"]
[Black "kingofthenil"]
[Result "1-0"]
[WhiteElo "2936"]
[BlackElo "2782"]
[TimeControl "180+1"]
[EndTime "16:00:40 PDT"]
[Termination "ckgchess won by checkmate"]

1. e4 Nc6 2. Nf3 d5 3. exd5 Qxd5 4. Nc3 Qh5 5. d4 Bg4 6. Be2 O-O-O 7. O-O Nf6 8. Bf4 Nxd4 9. Nxd4 Bxe2 10. Qxe2 Rxd4 11. Qe3 e5 12. Bxe5 Rg4 13. Bxf6 gxf6 14. Qe8# 1-0

[Event "Late-Titled-Tuesday-Blitz-March-19-2024"]
[Site "Chess.com"]
[Date "2024.03.19"]
[Round "11"]
[White "inagreV"]
[Black "Kumi29"]
[Result "0-1"]
[WhiteElo "2392"]
[BlackElo "2567"]
[TimeControl "180+1"]
[EndTime "16:00:43 PDT"]
[Termination "Kumi29 won by resignation"]

1. e4 e6 2. d4 d5 3. Nc3 dxe4 4. Nxe4 Nd7 5. Nf3 Ngf6 6. Nxf6+ Nxf6 7. Be3 Nd5 8. Bd2 c5 9. Bb5+ Bd7 10. Bxd7+ Qxd7 11. c4 Nf6 12. Bc3 cxd4 13. Nxd4 Ne4 14. Qb3 Nxc3 15. Qxc3 Be7 16. O-O Bf6 17. Rad1 Rd8 0-1

[Event "Late-Titled-Tuesday-Blitz-March-19-2024"]
[Site "Chess.com"]
[Date "2024.03.19"]
[Round "11"]
[White "GMKrikor"]
[Black "sergiochess83"]
[Result "1-0"]
[WhiteElo "2834"]
[BlackElo "2939"]
[TimeControl "180+1"]
[EndTime "16:01:19 PDT"]
[Termination "GMKrikor won by resignation"]

1. Nf3 d5 2. c4 d4 3. b4 c5 4. Bb2 Qc7 5. g3 e5 6. Bg2 Nf6 7. O-O cxb4 8. e3 dxe3 9. Bxe5 exf2+ 10. Rxf2 Bd6 11. Bxf6 gxf6 12. d4 Qxc4 13. Rc2 Qe6 14. Re2 O-O 15. Rxe6 Bxe6 16. Nbd2 a5 17. Ne4 Be7 18. d5 Bf5 19. Nh4 Bg6 20. d6 Bd8 21. Qf3 Nd7 22. Nf5 Rc8 23. Ne7+ 1-0

[Event "Late-Titled-Tuesday-Blitz-March-19-2024"]
[Site "Chess.com"]
[Date "2024.03.19"]
[Round "11"]
[White "HandKnit"]
[Black "CuteSheepCloud"]
[Result "0-1"]
[WhiteElo "2498"]
[BlackElo "2644"]
[TimeControl "180+1"]
[EndTime "16:01:43 PDT"]
[Termination "CuteSheepCloud won by resignation"]

1. c4 e5 2. Nc3 Nc6 3. Nf3 Nf6 4. e4 Bb4 5. d3 d6 6. Be2 Nd4 7. h3 O-O 8. O-O Ne8 9. Nxd4 exd4 10. Nd5 Bc5 11.
b4 Bb6 12. Nxb6 axb6 13. Bb2 c5 14. b5 f5 15. exf5 Bxf5 16. Bf3 Qd7 17. Re1 Nf6 18. a4 Kh8 19. Bc1 Qf7 20. Bf4 Rad8 21. a5 bxa5 22. Rxa5 Qg6 23. Bxb7 Bxd3 24. Bc6 Bxc4 25. b6 Nd5 26.
Bxd5 Bxd5 27. Bg3 h5 28. h4 Bc6 29. Ra7 d3 30. Ree7 Rg8 31. Rac7 Bd5 32. b7 c4 33.
Rcd7 Rxd7 34. Rxd7 c3 35. Rxd6 Qf5 36. Rd7 c2 37. Qd2 Qxd7 38. Qg5 Qg4 39. Qxg4 c1=Q+ 0-1

[Event "Late-Titled-Tuesday-Blitz-March-19-2024"]
[Site "Chess.com"]
[Date "2024.03.19"]
[Round "11"]
[White "AntonovaNadezhda"]
[Black "rikchessmx"]
[Result "1-0"]
[WhiteElo "2221"]
[BlackElo "2268"]
[TimeControl "180+1"]
[EndTime "16:01:43 PDT"]
[Termination "AntonovaNadezhda won on time"]

1. Nf3 Nf6 2. b3 d5 3. Bb2 c6 4.
g3 Nbd7 5. Bg2 e6 6. O-O Bc5 7. d4 Bd6 8. c4 O-O 9. Nc3 Bb4 10.
a3 Bxc3 11. Bxc3 Re8 12. Re1 Ne4 13. Bb2 f5 14. e3 b6 15. Rc1 Ba6 16. Nd2 Ndf6 17. f3 Ng5 18. b4 1-0

[Event "Late-Titled-Tuesday-Blitz-March-19-2024"]
[Site "Chess.com"]
[Date "2024.03.19"]
[Round "11"]
[White "Zampronha1971"]
[Black "Evgeny81"]
[Result "0-1"]
[WhiteElo "2355"]
[BlackElo "2755"]
[TimeControl "180+1"]
[EndTime "16:01:45 PDT"]
[Termination "Evgeny81 won by resignation"]

1. e4 e6 2. d4 d5 3. Nc3 Nd7 4. Nf3 Nb6 5. a4 a5 6. Bd3 Bb4 7. O-O Nf6 8. e5 Nfd7 9. Ne2 Be7 10. c3 c5 11. Be3 cxd4 12. Nexd4 Nc5 13. Nb5 Nxd3 14.
Qxd3 Nc4 15. Bc1 Bd7 16. b3 Nb6 17. Ba3 O-O 18. Bxe7 Qxe7 19. Qd4 Bxb5 20. axb5 Qc7 21. Rfe1 Rfc8 22. Rac1 a4 23. bxa4 Rxa4 24. Qd3 h6 25.
Nd4 Rc4 26. Re3 Na4 27. Ne2 Nc5 28. Qb1 Ne4 29. Qb3 Qxe5 30. f3 Qg5 31. f4 Qe7 32.
Ng3 Qc5 0-1

[Event "Late-Titled-Tuesday-Blitz-March-19-2024"]
[Site "Chess.com"]
[Date "2024.03.19"]
[Round "11"]
[White "VD_coach"]
[Black "ArchibaldCerveza29"]
[Result "1-0"]
[WhiteElo "2515"]
[BlackElo "2362"]
[TimeControl "180+1"]
[EndTime "16:01:47 PDT"]
[Termination "VD_coach won by resignation"]

1. Nf3 Nf6 2. d4 g6 3. c4 Bg7 4.
g3 O-O 5. Bg2 d6 6. O-O c5 7. dxc5 dxc5 8. Nc3 Nc6 9. Be3 Be6 10.
Qa4 Nd4 11. Rad1 Bd7 12. Qa3 Nc2 13. Qb3 Nxe3 14. fxe3 Qc7 15. Nb5 Bxb5 16. cxb5 Rad8 17. Rxd8 Rxd8 18. Rd1 Ng4 19. Rxd8+ Qxd8 20. Ng5 Qe8 21.
Nxf7 e6 22. Ng5 Nxe3 23. Nxe6 c4 24. Qxe3 Bd4 25. Qxd4 Qxe6 26. Bd5 1-0

[Event "Late-Titled-Tuesday-Blitz-March-19-2024"]
[Site "Chess.com"]
[Date "2024.03.19"]
[Round "11"]
[White "Oleksandr_Bortnyk"]
[Black "platy3"]
[Result "1-0"]
[WhiteElo "3095"]
[BlackElo "2974"]
[TimeControl "180+1"]
[EndTime "16:01:55 PDT"]
[Termination "Oleksandr_Bortnyk won by resignation"]

1. e4 c5 2. c3 d5 3. exd5 Qxd5 4. d4 Nf6 5. Be3 Nc6 6. Nf3 cxd4 7. cxd4 e6 8. Nc3 Qd6 9. a3 Be7 10. Bd3 O-O 11. O-O b6 12. Qe2 Bb7 13. Rad1 Rfd8 14. Bb1 Rac8 15. Rfe1 Qb8 16. Bg5 h6 17. Bh4 Nh5 18. d5 Nf4 19. Qc2 Bxh4 20. Qh7+ Kf8 21.
dxc6 Bxc6 22. Nxh4 1-0

[Event "Late-Titled-Tuesday-Blitz-March-19-2024"]
[Site "Chess.com"]
[Date "2024.03.19"]
[Round "11"]
[White "AndresDelgado77"]
[Black "expii"]
[Result "1-0"]
[WhiteElo "2334"]
[BlackElo "2192"]
[TimeControl "180+1"]
[EndTime "16:02:04 PDT"]
[Termination "AndresDelgado77 won by resignation"]

1. e4 c5 2. Nf3 d6 3. d4 cxd4 4.
Qxd4 Nf6 5. e5 Nc6 6. Bb5 dxe5 7. Qxd8+ Kxd8 8. Bxc6 bxc6 9. Nxe5 Ke8 10. O-O Bb7 11. Be3 e6 12. Nd2 Bd6 13. Nec4 Bc7 14. Bc5 Ba6 15.
Rfd1 Nd5 16. Nd6+ Bxd6 17. Bxd6 Rd8 18. Ba3 Nb6 19. b3 Nd5 20. Ne4 f6 21. Nd6+ Rxd6 22. Bxd6 Kd7 23. Bc5 e5 24. c4 1-0

[Event "Late-Titled-Tuesday-Blitz-March-19-2024"]
[Site "Chess.com"]
[Date "2024.03.19"]
[Round "11"]
[White "DeTimmerman"]
[Black "Slovak_fighter2000"]
[Result "1-0"]
[WhiteElo "2766"]
[BlackElo "2600"]
[TimeControl "180+1"]
[EndTime "16:02:14 PDT"]
[Termination "DeTimmerman won by resignation"]

1. b4 c6 2. Bb2 a5 3. b5 cxb5 4. e4 b4 5. a3 Nf6 6. e5 Nd5 7.
axb4 Nxb4 8. c3 N4c6 9. d4 e6 10. Nf3 d6 11. exd6 Bxd6 12. Na3 O-O 13. Nc4 Bc7 14.
Ne3 Ne7 15. Bd3 Nf5 16. O-O Nc6 17. Qc2 Qf6 18. Bxf5 exf5 19. Nd5 Qd8 20. Nxc7 Qxc7 21. d5 Ne7 22. Rfd1 Rd8 23. c4 Rxd5 24. Nd4 Rc5 25. Nb5 Rxb5 26. cxb5 Qb6 27. Qc5 1-0

[Event "Late-Titled-Tuesday-Blitz-March-19-2024"]
[Site "Chess.com"]
[Date "2024.03.19"]
[Round "11"]
[White "Quattroporte300"]
[Black "AndreyNeves"]
[Result "1-0"]
[WhiteElo "2470"]
[BlackElo "2136"]
[TimeControl "180+1"]
[EndTime "16:02:15 PDT"]
[Termination "Quattroporte300 won by resignation"]

1. e4 c6 2. d4 d5 3. Nc3 dxe4 4. Nxe4 Nf6 5. Nxf6+ exf6 6. c3 Bd6 7. Bd3 O-O 8. Qc2 Re8+ 9. Ne2 h5 10. Be3 Nd7 11. O-O-O Nb6 12. c4 Bg4 13. c5 Nd5 14. cxd6 Nxe3 15.
fxe3 Rxe3 16. h3 Bxe2 17. Bxe2 Qxd6 18. Kb1 Rae8 19. Bxh5 a5 20. Qc4 R8e7 21. Bf3 b5 22.
Qc5 Qf4 23. Qxc6 b4 24. Qa8+ Kh7 25. Qxa5 b3 26. a3 Rc7 27. Rc1 Rc2 28. Rxc2 bxc2+ 29. Kxc2 Qc7+ 30. Qxc7 1-0

[Event "Late-Titled-Tuesday-Blitz-March-19-2024"]
[Site "Chess.com"]
[Date "2024.03.19"]
[Round "11"]
[White "jcmesafischer"]
[Black "newauto"]
[Result "1-0"]
[WhiteElo "2362"]
[BlackElo "2164"]
[TimeControl "180+1"]
[EndTime "16:02:21 PDT"]
[Termination "jcmesafischer won by resignation"]

1. e4 c6 2. Nf3 d5 3. Nc3 Bg4 4. h3 Bxf3 5. Qxf3 e6 6. d3 Nd7 7. g3 Ngf6 8. Bg2 Bb4 9. O-O O-O 10.
a3 Bxc3 11. bxc3 dxe4 12. dxe4 e5 13. h4 h6 14. a4 Qa5 15. Ba3 Rfe8 16. Bb4 Qc7 17.
a5 b6 18. Ba3 bxa5 19. Rfd1 Nb6 20. Bd6 Qb7 21. Rab1 Rad8 22. c4 Qa6 23. c5 Nc4 24. Bf1 a4 25. Qe2 a3 26. Qxc4 Qc8 27. f3 Nh5 28. Kh2 g5 29. Bh3 Qa8 30. hxg5 hxg5 31. Bf5 Kg7 32. Kg2 f6 33. Rh1 Rh8 34. Bg4 Kg6 35. Bxh5+ Rxh5 36. Rxh5 Kxh5 37. Qf7+ 1-0

[Event "Late-Titled-Tuesday-Blitz-March-19-2024"]
[Site "Chess.com"]
[Date "2024.03.19"]
[Round "11"]
[White "jodarmarlon1985"]
[Black "PapaieDudu"]
[Result "1-0"]
[WhiteElo "2307"]
[BlackElo "2428"]
[TimeControl "180+1"]
[EndTime "16:02:25 PDT"]
[Termination "jodarmarlon1985 won by resignation"]

1. e4 c6 2. Nf3 d5 3. exd5 cxd5 4. Ne5 Nc6 5. d4 Nf6 6. c3 Bf5 7. Bb5 Rc8 8. Bf4 e6 9. Nxc6 bxc6 10. Ba6 Be7 11.
Bxc8 Qxc8 12. Nd2 O-O 13. O-O Qb7 14. b4 Nd7 15. Qf3 a5 16. a3 h6 17. Qg3 Nf6 18. Bxh6 Nh5 19. Qf3 gxh6 20. Qxh5 Bg5 21. f4 Bg6 22.
Qh3 Bf6 23. Qxh6 Bg7 24. Qh4 f6 25. Rae1 Kf7 26. f5 exf5 27. Qf4 Rh8 28. Qd6 Bf8 29.
Qe6+ Kg7 30. Rf3 Rh5 31. Rg3 f4 32. Rg4 axb4 33. axb4 Rg5 34. Nf3 Bf5 35. Rxg5+ fxg5 36. Qxf5 1-0

[Event "Late-Titled-Tuesday-Blitz-March-19-2024"]
[Site "Chess.com"]
[Date "2024.03.19"]
[Round "11"]
[White "ChempionBg"]
[Black "bazar-wokzal"]
[Result "0-1"]
[WhiteElo "2361"]
[BlackElo "2559"]
[TimeControl "180+1"]
[EndTime "16:02:40 PDT"]
[Termination "bazar-wokzal won by resignation"]

1. d4 Nf6 2. c4 Nc6 3. d5 Ne5 4. e3 e6 5. f4 Ng6 6. Nf3 Bc5 7. Bd3 O-O 8. a3 exd5 9. cxd5 Re8 10. O-O Nxf4 11. Kh1 N4xd5 12. Nc3 Nxc3 13. bxc3 d5 14. Ng5 h6 15. Nf3 Ng4 16. h3 Nxe3 17. Bxe3 Rxe3 18. Nd4 Bxd4 19. cxd4 Qe7 20. Qd2 Bd7 21. Rae1 Re8 22.
Rc1 Bxh3 23. gxh3 Rxh3+ 24. Kg1 Qh4 25. Bf5 Rh1+ 26. Kg2 Rh2+ 0-1

[Event "Late-Titled-Tuesday-Blitz-March-19-2024"]
[Site "Chess.com"]
[Date "2024.03.19"]
[Round "11"]
[White "MoldyTofu"]
[Black "kikoveiga"]
[Result "0-1"]
[WhiteElo "2077"]
[BlackElo "2461"]
[TimeControl "180+1"]
[EndTime "16:02:42 PDT"]
[Termination "kikoveiga won by resignation"]

1. b3 e5 2. Bb2 Nc6 3. e3 d5 4. d4 e4 5. c4 Bb4+ 6. Nc3 Nf6 7. a3 Bxc3+ 8. Bxc3 O-O 9. g3 Bg4 10. Qc2 Qd7 11.
Bg2 a6 12. h3 Bh5 13. Ne2 Rfe8 14. O-O Bf3 15. Nf4 Bxg2 16. Kxg2 Rad8 17. Rac1 g5 18. Ne2 Ne7 19. Bb4 Ng6 20. Nc3 c6 21. Ba5 Rc8 22. Bb6 Nh5 23. Na4 f5 24. Nc5 Qf7 25. Qe2 f4 26. Qg4 f3+ 27. Kh2 Nf6 28. Qxg5 Kg7 29. cxd5 h6 0-1

[Event "Late-Titled-Tuesday-Blitz-March-19-2024"]
[Site "Chess.com"]
[Date "2024.03.19"]
[Round "11"]
[White "xxysoul6"]
[Black "MagnusCarlsen"]
[Result "1/2-1/2"]
[WhiteElo "3012"]
[BlackElo "3263"]
[TimeControl "180+1"]
[EndTime "16:02:44 PDT"]
[Termination "Game drawn by repetition"]

1. d4 Nc6 2. Nf3 Nf6 3. d5 Nb4 4. c4 a5 5. Nc3 g6 6. e4 d6 7. a3 Na6 8. Bd3 Bg4 9. Be3 Bg7 10. O-O O-O 11. h3 Bxf3 12. Qxf3 Nd7 13. Qe2 Nac5 14. Bc2 a4 15. Rad1 e6 16. dxe6 fxe6 17. f4 Qe7 18.
Kh1 Rf7 19. Rde1 c6 20. Qd2 Nb6 21. Qe2 Raf8 22. g3 Nbd7 23. Rd1 Ra8 24. Qd2 Bf8 25. Qe2 Bh6 26. Qd2 Bf8 27. Qe2 Bh6 28. Qd2 Bf8 1/2-1/2

[Event "Late-Titled-Tuesday-Blitz-March-19-2024"]
[Site "Chess.com"]
[Date "2024.03.19"]
[Round "11"]
[White "Mikhail_Golubev"]
[Black "EsmeraldasAnderson03"]
[Result "1-0"]
[WhiteElo "2726"]
[BlackElo "2569"]
[TimeControl "180+1"]
[EndTime "16:02:45 PDT"]
[Termination "Mikhail_Golubev won by checkmate"]

1. e4 c5 2. Nf3 d6 3. d4 cxd4 4. Nxd4 Nf6 5. Nc3 a6 6. Bc4 e6 7.
Bb3 Be7 8. f4 O-O 9. Be3 Qc7 10.
f5 e5 11. Nde2 b5 12. Nd5 Nxd5 13. Bxd5 Bb7 14. Bxb7 Qxb7 15. Nc3 Nd7 16. Nd5 Nf6 17. Nxf6+ Bxf6 18. Qf3 Rac8 19. Rd1 Rxc2 20. O-O Rxb2 21. Rxd6 Rb4 22. Rxf6 gxf6 23. Bc5 Qxe4 24. Qg3+ Qg4 25. Bxb4 Qxg3 26. hxg3 Rc8 27. Rd1 Rc4 28. Rd8+ Kg7 29.
Bf8+ Kg8 30. Bh6# 1-0

[Event "Late-Titled-Tuesday-Blitz-March-19-2024"]
[Site "Chess.com"]
[Date "2024.03.19"]
[Round "11"]
[White "diamonds13"]
[Black "Keks2017"]
[Result "1-0"]
[WhiteElo "2398"]
[BlackElo "2560"]
[TimeControl "180+1"]
[EndTime "16:02:49 PDT"]
[Termination "diamonds13 won on time"]

1. d4 d6 2. e4 Nf6 3. Bd3 e5 4. c3 d5 5. dxe5 Nxe4 6. Nf3 Nc6 7.
O-O Bg4 8. Nbd2 Nc5 9. Be2 Ne6 10. h3 Bh5 11. b4 Be7 12. b5 Nb8 13. c4 dxc4 14.
Nxc4 Qxd1 15. Rxd1 Nd7 16. Be3 Bc5 17. Rac1 O-O-O 18. g4 Bg6 19. Rc3 1-0

[Event "Late-Titled-Tuesday-Blitz-March-19-2024"]
[Site "Chess.com"]
[Date "2024.03.19"]
[Round "11"]
[White "dawid498"]
[Black "Blitzstream"]
[Result "0-1"]
[WhiteElo "2712"]
[BlackElo "2850"]
[TimeControl "180+1"]
[EndTime "16:02:52 PDT"]
[Termination "Blitzstream won on time"]

1. e4 c5 2. Nf3 d6 3. Nc3 Nf6 4. e5 dxe5 5. Nxe5 g6 6. Bc4 e6 7. Bb5+ Bd7 8. Qf3 Nc6 9. Nxc6 bxc6 10. Bxc6 Rc8 11. Bxd7+ Nxd7 12. O-O Bg7 13. d3 O-O 14. Bd2 c4 15. Qe2 Ne5 16. Be3 cxd3 17. cxd3 Qxd3 18. Qxd3 Nxd3 19. Bxa7 Nxb2 20. Ne4 Rc4 21. Ng3 Ra8 22. Be3 f5 23. Ne2 Rca4 24. Rac1 Rxa2 25. Nd4 f4 26. Nxe6 fxe3 27. Nxg7 Nd3 0-1

[Event "Late-Titled-Tuesday-Blitz-March-19-2024"]
[Site "Chess.com"]
[Date "2024.03.19"]
[Round "11"]
[White "Alexei_Gubajdullin"]
[Black "kleber2007"]
[Result "1-0"]
[WhiteElo "2635"]
[BlackElo "2485"]
[TimeControl "180+1"]
[EndTime "16:02:52 PDT"]
[Termination "Alexei_Gubajdullin won by resignation"]

1. d4 Nf6 2. Nf3 g6 3. Bf4 Bg7 4. e3 d6 5. Be2 O-O 6. O-O c5 7. c3 cxd4 8. exd4 Be6 9. Nbd2 Qb6 10. Bc4 Bd7 11. Bb3 Nc6 12. Nc4 Qc7 13. Ne3 Na5 14.
Bg5 Nxb3 15. axb3 Bc6 16. d5 Bd7 17. Nd4 a6 18. Qf3 Rae8 19. Rfe1 e5 20. dxe6 fxe6 21. Qe2 e5 22. Ndc2 Bc6 23. Bxf6 Rxf6 24. Nb4 Ref8 25. Nbd5 Qf7 26. Nxf6+ Bxf6 27. Rad1 Qxb3 28. Qc4+ Qxc4 29.
Nxc4 Be7 30. Nxd6 Ba4 31. Rd2 Bg5 32. Rde2 Rd8 33. Nxb7 Rb8 34. Nc5 Bb5 35. Rxe5 Bf6 36. Re6 Kf7 37. Nxa6 Rd8 38. Nc5 Rd2 39. Rxf6+ Kxf6 40. Ne4+ 1-0

[Event "Late-Titled-Tuesday-Blitz-March-19-2024"]
[Site "Chess.com"]
[Date "2024.03.19"]
[Round "11"]
[White "LeninGuerra"]
[Black "wild3000"]
[Result "1-0"]
[WhiteElo "2663"]
[BlackElo "2431"]
[TimeControl "180+1"]
[EndTime "16:03:02 PDT"]
[Termination "LeninGuerra won by checkmate"]

1. e4 e6 2. d4 a6 3. c4 d6 4. Nc3 Nf6 5. Bd3 Be7 6. Nge2 c5 7. d5 exd5 8. exd5 O-O 9. O-O Bg4 10. h3 Bh5 11. Qc2 Nbd7 12. Ng3 Bg6 13. Bxg6 hxg6 14. f4 b5 15. b3 Nb6 16. Qd3 Qd7 17. f5 bxc4 18.
bxc4 Nh5 19. Nxh5 gxh5 20. f6 Bxf6 21. Rxf6 gxf6 22. Bh6 Kh8 23. Bxf8 Rxf8 24. Qf3 Rg8 25. Qxf6+ Kh7 26. Rf1 Rg6 27. Qxf7+ Qxf7 28. Rxf7+ Kh6 29. Rf4 Rg3 30. Ne4 Ra3 31. Nxd6 Rxa2 32. Rf6+ Kg5 33. Ne4+ Kh4 34. Rf4# 1-0

[Event "Late-Titled-Tuesday-Blitz-March-19-2024"]
[Site "Chess.com"]
[Date "2024.03.19"]
[Round "11"]
[White "Grischuk"]
[Black "Orest_Vovk"]
[Result "1-0"]
[WhiteElo "3050"]
[BlackElo "2556"]
[TimeControl "180+1"]
[EndTime "16:03:06 PDT"]
[Termination "Grischuk won by resignation"]

1. d4 h6 2. e4 g5 3. h4 g4 4. h5 d5 5. exd5 g3 6. fxg3 Qxd5 7.
Nc3 Qe6+ 8. Be2 Nf6 9. Nf3 Rg8 10. Bf4 c6 11. Qd2 Ne4 12. Nxe4 Qxe4 13. O-O-O Be6 14. Kb1 Qd5 15. c4 Qd8 16. d5 cxd5 17. cxd5 Bf5+ 18. Ka1 Nd7 19. Rhe1 Qb6 20. Nd4 Bh7 21. Nb5 Rc8 22.
Bd3 Bxd3 23. Nd6+ Qxd6 24. Bxd6 Bf5 25. Bxe7 Bxe7 26. d6 Be6 27. dxe7 Nf6 28. Qd8+ 1-0